AoeStats
← toomuchdog

MegaRandom

506509640Analyzed
1v1 RM · 19d ago on Sep 13, 2026· 49m 54s· 2 players
Game mode
Random Map
Map size
Tiny (2 player)
Population
200
Speed
Normal
Resources
Standard
Victory
Conquest
Starting age
Dark Age
Ending age
Imperial Age
RankedLock teamsTeams togetherTeam positionsShared explorationLock speedFull tech treeHidden civsTurbo modeCheats
Victory
Defeat
🇨🇦 Armenians · Canada
1335
+18
🇧🇬 Mongols · Bulgaria
1387
-18
SirDidko
11:14 Feudal Age
9:47 Loom
15:42 Castle Age
13:35 Fletching
16:14 Double-Bit Axe
23:21 Bodkin Arrow
27:33 Crossbowman
43:02 Ballistics
44:14 Thumb Ring
toomuchdog
8:02 Loom
9:47 Feudal Age
10:44 Double-Bit Axe
10:21 Man-at-Arms
12:02 Arson
12:20 Long Swordsman
14:07 Scale Mail Armor
21:58 Castle Age
22:35 Forging
22:43 Squires
23:16 Chain Mail Armor
24:10 Wheelbarrow
24:12 Forging
24:54 Gambesons
25:20 Fletching
26:05 Gold Mining
26:42 Two-Handed Swordsman
32:53 Town Watch
39:45 Imperial Age
45:29 Elite Composite Bowman
46:40 Bodkin Arrow
49:34 Bracer
50:19 Padded Archer Armor
Connection lost

Rejoining the realm…

Still unreachable

The connection could not be restored.

Session expired

The server has moved on; the page needs a fresh start.